 Dungeon Crawl Stone Soup version 0.15-a0-60-g2d7d1c5 (webtiles) character file.

2641 EdwardR the Shield-Bearer (level 9, 0/71 (74) HPs)
             Began as a Lava Orc Fighter on Apr 6, 2014.
             Was a Priest of Beogh.
             Slain by a wight
             ... wielding a cursed +2,+3 scimitar of freezing
              (9 damage)
             ... on Level 7 of the Dungeon.
             The game lasted 00:21:49 (8597 turns).

EdwardR the Shield-Bearer (Lava Orc Fighter)        Turns: 8597, Time: 00:21:49

HP   0/71 (74)   AC 10     Str 22      XL: 9   Next: 20%
MP   8/8         EV 12     Int 12      God: Beogh [***...]
Gold 293         SH 22     Dex 10      Spells:  0 memorised,  8 levels left

rFire  + + +     SeeInvis .     i - +3,-2 short sword (speed)
rCold  x . .     Rnd*Rage +     b - +0 scale mail
rNeg   . . .     Conserve .     c - +0 shield
rPois  .         rCorr    .     (no helmet)
rElec  .         rRot     .     (no cloak)
SustAb . .       Spirit   .     g - +1 pair of gloves
rMut   .         Warding  .     (no boots)
Saprov + . .     Stasis   .     u - amulet of faith
MR     .....                    C - +4 ring of intelligence
                                k - +5 ring of evasion

@: drained, not resistant to hostile enchantments, extremely unstealthy
A: berserk 1, conserve scrolls, low mp 1, saprovore 1, spit poison 1
a: Spit Poison, Smiting, Renounce Religion


You were on level 7 of the Dungeon.
You worshipped Beogh.
Beogh was most pleased with you.
You were not hungry.

You visited 2 branches of the dungeon, and saw 8 of its levels.

You collected 405 gold pieces.
You spent 112 gold pieces at shops.

Inventory:

Hand weapons
 a - a +0,+0 trident
 i - a +3,-2 short sword of speed (weapon)
Armour
 b - a +0 scale mail (worn)
 c - a +0 shield (worn)
 g - a +1 pair of gloves (worn)
Magical devices
 f - a wand of fireball (4) {unknown}
 z - a wand of flame (8) {unknown}
 E - a wand of draining (10) {unknown}
 G - a wand of draining (8) {unknown}
 L - a wand of frost (13) {unknown}
 O - a wand of fireball (4) {unknown}
Scrolls
 h - a scroll of enchant armour {unknown}
 j - a scroll of random uselessness
 m - 5 scrolls of remove curse
 q - a scroll of teleportation
 r - a scroll of noise
 s - 2 scrolls of recharging
 y - 2 scrolls of amnesia
 B - 2 scrolls of magic mapping
 H - a scroll of fog
 I - 4 scrolls of identify
 J - a scroll of enchant weapon II
Jewellery
 d - an uncursed ring of positive energy
 k - a +5 ring of evasion (left hand)
 n - an uncursed amulet of resist mutation
 p - an uncursed ring of protection from fire
 u - an amulet of faith (around neck)
 v - an uncursed ring of positive energy
 C - a +4 ring of intelligence (right hand)
 N - an uncursed ring of hunger {unknown}
Potions
 e - a potion of might
 o - a potion of porridge
 t - a potion of restore abilities
Rods
 K - a +0 rod of clouds (12/12)
   (You found it on level 6 of the Dungeon)


   Skills:
 + Level 5.1(4.7) Fighting
 * Level 5.3(4.9) Short Blades
 * Level 5.8(5.4) Polearms
 + Level 5.0(4.6) Armour
 * Level 5.6(5.2) Dodging
 + Level 0.6(0.3) Stealth
 + Level 6.4(6.0) Shields


You had 8 spell levels left.
You didn't know any spells.

Dungeon Overview and Level Annotations

Branches:
Dungeon (7/15)             Temple (1/1) D:6

Altars:
Ashenzari
Cheibriados
Elyvilon
Fedhas
Kikubaaqudgha
Nemelex Xobeh
Okawaru
Sif Muna
Trog
Vehumet
Yredelemnul
Zin
The Shining One

Shops:
D:5 *


Innate Abilities, Weirdness & Mutations

You have stony skin.
Your flesh is almost immune to the effects of heat.
Your fire spells are more powerful.
Your flesh is vulnerable to cold.
Your heat harms attackers.
You bathe your surroundings in blazing heat.
You are too hot to use scrolls.
You are very good at protecting items from fire.
You can tolerate rotten meat.
You tend to lose your temper in combat.
Your magical capacity is low (-10% MP).
You can spit poison.


Message History

The wight is moderately damaged.
You hit the ballistomycete.
The ballistomycete is almost destroyed.
The wight hits you with a falchion.
* * * LOW HITPOINT WARNING * * *
The wight is singed by your heat.
The wight is moderately damaged.
You hit the ballistomycete.
The ballistomycete is almost destroyed.
You block the wight's attack.
You hit the ballistomycete.
You destroy the ballistomycete!
You block the wight's attack. The wight hits you but does no damage.
The wight is singed by your heat.
The wight is moderately damaged.
There is an open door, covered with mold here.
You block the wight's attack. You block the wight's attack.
The wight hits you with a scimitar of freezing!
You die...

#........z#####....####
###'####### #..#### ##
#.z# ##'######## #.
####.##### #........f#
#. #........#
#.zff.....## ###'
#........####....f...ff.
#...
#...........#..z......#
+.<.
#........##.#..z......#
#...
#........##.#..z@.....#
#...
#........##.'.........#
#...
####.########.........#
#... #.# #######'###
#### #.## .# #..# # ##.#
#####'### ........#


You could see an active ballistomycete and 4 wights.

Vanquished Creatures
  A hill giant zombie (D:7)
  A necrophage (D:5)
  A phantom (D:4)
  A black bear (D:6)
  2 ice beasts (D:6)
  4 sky beasts
  Sigmund (D:2)
  2 giant frogs (D:6)
  A gnoll sergeant (D:3)
  A big kobold (D:6)
  6 killer bees (D:7)
  2 goliath beetles (D:7)
  A crimson imp (D:7)
  2 iguanas (D:7)
  2 jellies (D:7)
  3 orc wizards
  An elf skeleton (D:7)
  A hound (D:7)
  5 worker ants
  A hound skeleton (D:7)
  8 adders
  3 gnolls (D:5)
  An orc skeleton (D:4)
  2 orc zombies (D:7)
  A giant mite (D:6)
  2 shadow imps
  An inept feature mimic (D:7)
  2 worms
  7 giant geckos
  2 oozes (D:4)
  13 orcs
  11 goblins
  16 hobgoblins
  3 jackals (D:4)
  23 kobolds
  3 quokkas
  A ball python (D:6)
  13 bats
  2 giant cockroaches
  A giant gecko skeleton (D:4)
  5 giant newts
  A giant spore (D:7)
  A goblin skeleton (D:4)
  2 kobold zombies (D:6)
  A quokka skeleton (D:7)
  11 rats
  A rat skeleton (D:4)
  A ballistomycete (D:7)
  A plant (D:3)
178 creatures vanquished.

Vanquished Creatures (collateral kills)
  A quokka (D:6)
1 creature vanquished.

Vanquished Creatures (others)
  2 orc priests (D:3)
  An orc wizard (D:3)
  An adder (D:3)
  3 gnolls (D:3)
  6 orcs (D:3)
  A bat (D:3)
  2 giant spores (D:7)
16 creatures vanquished.

Grand Total: 195 creatures vanquished

Notes
Turn   | Place    | Note
--------------------------------------------------------------
     0 | D:1      | EdwardR, the Lava Orc Fighter, began the quest for the Orb.
     0 | D:1      | Reached XP level 1. HP: 19/19 MP: 1/1
   169 | D:1      | Reached XP level 2. HP: 27/27 MP: 2/2
   653 | D:2      | Reached skill level 4 in Fighting
   653 | D:2      | Reached XP level 3. HP: 31/33 MP: 3/3
   704 | D:2      | Reached skill level 1 in Dodging
   880 | D:2      | Noticed Sigmund
   895 | D:2      | Killed Sigmund
   895 | D:2      | Reached skill level 1 in Short Blades
   895 | D:2      | Reached XP level 4. HP: 38/40 MP: 4/4
   965 | D:2      | Found a sparkling altar of Nemelex Xobeh.
   980 | D:2      | Reached XP level 5. HP: 46/46 MP: 5/5
  1356 | D:3      | Became a worshipper of Beogh the Brigand
  1906 | D:3      | Reached XP level 6. HP: 12/53 MP: 6/6
  1926 | D:3      | HP: 2/53 [poisoned by a gnoll sergeant]
  3390 | D:4      | Reached XP level 7. HP: 24/60 MP: 7/7
  3791 | D:4      | Acquired Beogh's first power
  4185 | D:5      | Entered Level 5 of the Dungeon
  4190 | D:5      | Found Awkirut's General Store.
  4197 | D:5      | Bought a scroll of identify for 30 gold pieces
  4197 | D:5      | Bought a scroll of enchant weapon II for 82 gold pieces
  4578 | D:5      | Acquired Beogh's second power
  4727 | D:5      | Reached skill level 5 in Shields
  4732 | D:5      | Found a basalt altar of Yredelemnul.
  5287 | D:6      | Reached XP level 8. HP: 12/64 MP: 8/8
  5969 | D:6      | Reached skill level 5 in Polearms
  6016 | D:6      | Reached skill level 5 in Fighting
  6264 | D:6      | Found a staircase to the Ecumenical Temple.
  6276 | Temple   | Entered the Ecumenical Temple
  6558 | D:7      | Reached skill level 5 in Dodging
  6558 | D:7      | Reached skill level 6 in Shields
  6616 | D:7      | Acquired Beogh's third power
  7091 | D:7      | Reached XP level 9. HP: 52/71 MP: 9/9
  7107 | D:7      | Gained mutation: Your magical capacity is low (-10% MP). [potion of mutation]
  7107 | D:7      | Gained mutation: You can spit poison. [potion of mutation]
  7107 | D:7      | Gained mutation: You tend to lose your temper in combat. [potion of mutation]
  7180 | D:7      | Beogh protects you from harm!
  7509 | D:7      | Reached skill level 5 in Short Blades
  8002 | D:7      | Reached skill level 5 in Armour
  8597 | D:7      | Slain by a wight

Action                   |  1- 3 |  4- 6 |  7- 9 || total
-------------------------+-------+-------+-------++-------
Melee: Trident           |    42 |       |       ||    42
       Short sword       |    91 |   338 |   969 ||  1398
Invok: Convert to Beogh  |       |     1 |       ||     1
  Use: Potion            |       |     4 |    13 ||    17
       Scroll            |       |     2 |    12 ||    14
